 Dungeon Crawl Stone Soup version 0.24.1-1-gd1d2a07e1b (webtiles) character file.

Game seed: 922648807949539006, levelgen mode: deterministic

80 Peloso the Covered (level 4, -2/60 HPs)
             Began as a Minotaur Fighter on Apr 8, 2020.
             Slain by Sigmund
             ... wielding a +0 scythe of venom
              (6 damage)
             ... on level 2 of the Dungeon.
             The game lasted 00:02:26 (1044 turns).

Peloso the Covered (Minotaur Fighter)               Turns: 1044, Time: 00:02:28

Health: -2/60      AC: 22    Str: 19 (21) XL:     4   Next: 18%
Magic:  3/3        EV:  2    Int:  4 (5)  God:
Gold:   99         SH:  9    Dex: 10      Spells: 3/3 levels left

rFire    . . .     SeeInvis .   a - +0 long sword
rCold    . . .     Gourm    .   c - +0 shield
rNeg     + + +     Faith    .   (armour currently unavailable)
rPois    +         Spirit   .   (helmet currently unavailable)
rElec    .         Reflect  .   (cloak currently unavailable)
rCorr    .         Harm     .   (gloves currently unavailable)
MR       .....     NoTele   +   (boots currently unavailable)
Stlth    +.........             (no amulet)
HPRegen  0.20/turn              (no ring)
MPRegen  0.08/turn              (no ring)

@: lethally poisoned (-2 -> -8), tree-form
A: (retaliatory headbutt)
a: no special abilities


You were on level 2 of the Dungeon.
You were hungry.
You were a tree.
You visited 1 branch of the dungeon, and saw 2 of its levels.

You collected 99 gold pieces.

Inventory:

Hand Weapons
 a - a +0 long sword (weapon)
Armour
 b - a +0 scale mail (melded)
 c - a +0 shield (worn)
 k - a +2 pair of gloves (melded)
Scrolls
 e - a scroll of enchant armour {unknown}
 g - 2 scrolls of remove curse {unknown}
 h - a scroll of identify {unknown}
 i - a scroll of teleportation {unknown}
Potions
 d - a potion of might
 j - a potion of lignification
Comestibles
 f - 2 rations


   Skills:
 + Level 4.3 Fighting
 + Level 3.3 Long Blades
 + Level 4.5 Armour
 + Level 0.4 Dodging
 + Level 4.2 Shields


You had 3 spell levels left.
You didn't know any spells.
Your spell library was empty.

Dungeon Overview and Level Annotations

Branches:
Dungeon (2/15)

Altars:

Annotations:
D:2 Sigmund


Innate Abilities, Weirdness & Mutations

((You reflexively headbutt those who attack you in melee.))
((You have a pair of horns on your head.))


Message History

You feel sick. Sigmund casts a spell at you.
The puff of flame hits you but does no damage.
Unknown command.
You closely miss Sigmund.
Sigmund is moderately wounded.
* * * LOW HITPOINT WARNING * * *
You feel sick. Sigmund barely misses you.
Unknown command.
You barely miss Sigmund.
Sigmund is moderately wounded.
* * * LOW HITPOINT WARNING * * *
You feel sick. Sigmund hits you but does no damage.
You hit Sigmund.
Sigmund is heavily wounded.
* * * LOW HITPOINT WARNING * * *
You feel sick.
Sigmund is suddenly surrounded by pale green light.
Sigmund hits you with a +0 scythe of venom.
You die...

......♣.♣..#.... #
#...♣._.♣.#..####.#
#....♣.♣..#.......#
#.....♣........# .#
#.........#..#.# .#
#.......####.).##.#
#.......# #......# #.......#
#.@###.# ####.#### #..♣...#
#.### ##.##### #...# #.#
########.# ##.#####
.......#.## #......#
######....####..###.#####
####
#..........##......######...
#.#######.#........##.....#.
#.# #.#.#.........###...


You could see Sigmund.

Vanquished Creatures
  5 adders (D:2)
  2 dart slugs (D:1)
  2 leopard geckos
  4 bats
  A giant cockroach (D:2)
  5 goblins
  4 hobgoblins
  4 frilled lizards
  3 kobolds
  3 rats (D:1)
33 creatures vanquished.

Notes
Turn   | Place    | Note
-------+----------+-------------------------------------------
     0 | D:1      | Peloso the Minotaur Fighter began the quest for the Orb.
     0 | D:1      | Reached XP level 1. HP: 19/19 MP: 0/0
   134 | D:1      | Reached XP level 2. HP: 17/27 MP: 1/1
   618 | D:2      | Reached XP level 3. HP: 33/33 MP: 2/2
  1005 | D:2      | Reached XP level 4. HP: 40/40 MP: 3/3
  1017 | D:2      | Found a faded altar of an unknown god.
  1023 | D:2      | Noticed Sigmund
  1044 | D:2      | Slain by Sigmund

Levels and vault maps discovered:
D:1:      minmay_arrival_stair_chambers, layout_basic
D:2:      layout_loops_cross, chequers_ecumenical_altar_simple_redux,
          uniq_sigmund

Skill      XL: |  1  2  3 |
---------------+----------+-----
Armour         | 4 |  4.5
Fighting       | 4 |  4.3
Shields        | 4 |  4.2
Long Blades    | 3 |  3.3
Dodging        | |  0.4

Action                   |  1- 3 |  4- 6 || total
-------------------------+-------+-------++-------
Melee: Long sword        |    63 |    20 ||    83
       Headbutt          |     6 |       ||     6
  Use: Potion            |     2 |     1 ||     3
Armor: Scale mail        |    51 |    12 ||    63
       Skin              |       |     2 ||     2
Dodge: Dodged            |    30 |     2 ||    32
Block: Shield            |    46 |     8 ||    54
       Rpst.: Long sword |     9 |       ||     9
